 Dungeon Crawl Stone Soup version 0.29-a0-410-g9596d59a08 (webtiles) character file.

Game seed: 106070961208273731

465 MordorOrchid the Ducker (level 7, -10/49 HPs)
             Began as a Djinni Fire Elementalist on May 14, 2022.
             Mangled by Duvessa
             ... wielding a +0 rapier
              (21 damage)
             ... on level 4 of the Dungeon.
             The game lasted 00:10:20 (3475 turns).

MordorOrchid the Ducker (Djinni Fire Elementalist)  Turns: 3475, Time: 00:10:21

Health: -10/49     AC:  3    Str:  7    XL:     7   Next: 29%
Gold:   1024       EV: 13    Int: 19    God:
                   SH:  4    Dex: 13

rFire   + + .      SeeInvis .   q - +1 short sword (vamp)
rCold   x . .      Faith    .   o - +0 buckler
rNeg    . . .      Spirit   .   a - +0 robe
rPois   ∞          Reflect  .   m - +0 helmet
rElec   .          Harm     .   (no cloak)
rCorr   .          Rampage  .   (no gloves)
Will    .....                   (boots unavailable)
Stlth   ++........              (no amulet)
HPRegen 0.16/turn               (no ring)
MPRegen 0.00/turn               (no ring)

@: flying, studying Dodging
A: sickness immunity, fire resistance 2, cold vulnerability 1, float, innate
caster, HP casting, extra vitality 1
a: no special abilities


You were on level 4 of the Dungeon.
You visited 1 branch of the dungeon, and saw 4 of its levels.

You collected 1046 gold pieces.
You spent 22 gold pieces at shops.

Inventory:

Hand Weapons
 c - a +0 dagger
 q - a +1 vampiric short sword (weapon)
Missiles
 e - 258 stones
 n - 2 javelins
 s - 5 boomerangs
Armour
 a - a +0 robe (worn)
 m - a +0 helmet (worn)
 o - a +0 buckler (worn)
Magical Staves
 h - a staff of earth
Jewellery
 l - an amulet of reflection
Wands
 p - a wand of flame (8)
Scrolls
 d - a scroll of magic mapping {unknown}
 f - 3 scrolls of teleportation
 j - a scroll of immolation {unknown}
 k - a scroll of vulnerability {unknown}
Potions
 b - a potion of mutation {unknown}
 i - 2 potions of invisibility
 r - a potion of curing {unknown}
 t - a potion of flight {unknown}
 u - a potion of brilliance


   Skills:
 * Level 2.6 Fighting
 * Level 4.9 Dodging
 - Level 1.5 Stealth
 * Level 1.4 Shields
 + Level 4.8 Spellcasting


You couldn't memorise any spells.
You knew the following spells:

 Your Spells              Type           Power      Damage    Failure   Level
a - Foxfire               Conj/Fire      88%        2x1d8     2%          1
b - Scorch                Fire           44%        2d7       3%          2
c - Conjure Flame         Conj/Fire      22%        6-21      7%          3
d - Inner Flame           Hex/Fire       22%        N/A       7%          3
e - Flame Wave            Conj/Fire      22%        2d7       22%         4
f - Freeze                Ice            88%        1d10      2%          1
g - Searing Ray           Conj           44%        2d6       3%          2
p - Poisonous Vapours     Pois/Air       44%        N/A       3%          2
Your spell library was empty.

Dungeon Overview and Level Annotations

Branches:
Dungeon (4/15)
 Temple: D:4-7

Altars:
Elyvilon

Shops:
D:2 (

Annotations:
D:4 Duvessa


Innate Abilities, Weirdness & Mutations

You are immune to sickness and miasma.
You are immune to poison.
Your flesh is very heat resistant. (rF++)
You are vulnerable to cold. (rC-)
You float through the air rather than walking.
You learn spells naturally, not from books.
Your magical power is your life essence.
You have superior vitality. (+4 MHP)


Message History

Casting: Scorch (safe; 3% risk of failure)
Confirm with . or Enter, or press ? or * to list all spells.
Flames lash Duvessa but do no damage.
You hear a shout!
You block Duvessa's attack.
Casting: Scorch (safe; 3% risk of failure)
Confirm with . or Enter, or press ? or * to list all spells.
Flames lash Duvessa.
Duvessa is burned terribly!
Duvessa is heavily wounded.
Dowan, Brother of Duvessa comes into view.
He is wielding a +0 dagger.
Duvessa hits you with a +0 rapier!
Casting: Scorch (safe; 3% risk of failure)
Confirm with . or Enter, or press ? or * to list all spells.
Flames lash Dowan.
Dowan is moderately wounded.
Dowan's fire resistance burns away.
Duvessa hits you with a +0 rapier!
Casting: Scorch (safe; 3% risk of failure)
Confirm with . or Enter, or press ? or * to list all spells.
Flames lash Dowan.
Dowan is burned terribly!
Dowan is almost dead.
Dowan gestures wildly while chanting.
Dowan blinks!
Duvessa barely misses you.
Casting: Scorch (safe; 3% risk of failure)
Confirm with . or Enter, or press ? or * to list all spells.
Flames lash Duvessa but do no damage.
Duvessa hits you with a +0 rapier.
Casting: Scorch (safe; 3% risk of failure)
Confirm with . or Enter, or press ? or * to list all spells.
Flames lash Duvessa.
Duvessa is heavily wounded.
* * * LOW HITPOINT WARNING * * *
Duvessa completely misses you.
Casting: Scorch (safe; 3% risk of failure)
Confirm with . or Enter, or press ? or * to list all spells.
Flames lash Dowan.
Dowan is burned terribly!
You kill Dowan!
Duvessa screams, "No!
How DARE you!"
Duvessa goes berserk!
* * * LOW HITPOINT WARNING * * *
You block Duvessa's attack. Duvessa hits you with a +0 rapier!!
You die...

## .....>. .....#### .#
#.......... ........#
.###..........
........##.. ...........
...........###..........
........#..##...........
........#.##......).....
........#.#.............
..............##@e.##
.....†...........#.#
.............##### #
......##......#
...[.......##...
...........# ###.
..<...#...## .
......#...# ...#### ###


You could see Duvessa (berserk, combustible).

Vanquished Creatures
  Sigmund (D:3)
  A bullfrog (D:4)
  A scorpion (D:4)
  Dowan (D:4)
  4 gnolls (D:3)
  8 adders
  3 worms
  A dart slug (D:1)
  An orc (D:4)
  4 endoplasms
  4 giant cockroaches
  3 goblins
  4 hobgoblins
  3 jackals (D:3)
  4 kobolds
  7 quokkas
  4 ball pythons
  7 bats
  2 frilled lizards (D:1)
  6 rats
69 creatures vanquished.

Vanquished Creatures (others)
  147 foxfires
147 creatures vanquished.

Grand Total: 216 creatures vanquished

Notes
Turn   | Place    | Note
-------+----------+-------------------------------------------
     0 | D:1      | MordorOrchid the Djinni Fire Elementalist began the quest
                  | for the Orb.
     0 | D:1      | Reached XP level 1. HP: 15/15 MP: 0/0
   219 | D:1      | Reached XP level 2. HP: 21/22 MP: 0/0
   865 | D:1      | Reached XP level 3. HP: 22/26 MP: 0/0
   865 | D:1      | Learned a level 1 spell: Freeze
   960 | D:1      | Found a faded altar of an unknown god.
  1199 | D:1      | Identified 2 scrolls of acquirement
  1199 | D:1      | Acquired 918 gold pieces
  1201 | D:1      | Acquired a manual of Dodging
  1244 | D:2      | Found Reotuh's Weapon Boutique.
  1261 | D:2      | You are sucked into a shaft and drop 2 floors!
  1266 | D:4      | Found a white marble altar of Elyvilon.
  1414 | D:4      | Noticed a scorpion
  1423 | D:4      | Killed a scorpion
  1424 | D:4      | Reached skill level 1 in Fighting
  1424 | D:4      | Reached XP level 4. HP: 17/32 MP: 0/0
  1572 | D:4      | Noticed a bullfrog
  1576 | D:4      | Killed a bullfrog
  1577 | D:4      | Reached XP level 5. HP: 35/38 MP: 0/0
  1577 | D:4      | Learned a level 2 spell: Searing Ray
  1838 | D:2      | Bought 2 javelins for 22 gold pieces
  1920 | D:2      | Reached XP level 6. HP: 40/43 MP: 0/0
  3065 | D:3      | Noticed Sigmund
  3081 | D:3      | Killed Sigmund
  3082 | D:3      | Reached skill level 1 in Shields
  3082 | D:3      | Reached XP level 7. HP: 39/49 MP: 0/0
  3082 | D:3      | Learned a level 2 spell: Poisonous Vapours
  3462 | D:4      | Noticed Duvessa
  3470 | D:4      | Noticed Dowan
  3475 | D:4      | Killed Dowan
  3475 | D:4      | Mangled by Duvessa

Illustrated notes

Levels and vault maps discovered:
D:1:      minmay_arrival_checkered_box, layout_basic, basic_ecumenical_altar
D:2:      layout_rooms, serial_shops, nicolae_shop_competitors_out_of_business
D:3:      layout_basic, roderic_lattice_a, dreamdust_wishing_well, hex_tiny,
          uniq_sigmund
D:4:      layout_rooms, elyvilon_altar_3, kennysheep_boxes, uniq_ijyb,
          uniq_duvessa, uniq_eustachio

Skill      XL: |  1  2  3  4  5  6 |
---------------+-------------------+-----
Spellcasting   | 3 4 |  4.8
Fighting       | 1 2 |  2.6
Dodging        | 3 4 |  4.9
Shields        | 1 |  1.4
Stealth        | |  1.5

Action                   |  1- 3 |  4- 6 |  7- 9 || total
-------------------------+-------+-------+-------++-------
Melee: Dagger            |    16 |     2 |       ||    18
 Cast: Foxfire           |    37 |    45 |     2 ||    84
       Scorch            |     5 |    24 |     8 ||    37
  Use: Scroll            |     2 |     1 |     2 ||     5
 Stab: Sleeping          |     1 |     2 |       ||     3
Armor: Robe              |     2 |     1 |       ||     3
Dodge: Dodged            |    31 |    15 |     2 ||    48
Block: Buckler           |       |       |     2 ||     2

Table legend: (Time is in decaauts)
 A = Elapsed time spent in this place.
 B = Non-inter-level travel time spent in this place.
 C = Inter-level travel time spent in this place.
 D = Time resting spent in this place.
 E = Time spent auto-exploring this place.
 F = Levels seen in this place.
 G = Mean time per level.
                   A        B        C        D        E       F      G
               +--------+--------+--------+--------+--------+-----+--------+
         Total |   3474 |   3415 |     59 |    203 |   2630 |   4 |  868.5 |
       Dungeon |   3474 |   3415 |     59 |    203 |   2630 |   4 |  868.5 |
               +--------+--------+--------+--------+--------+-----+--------+

Top non-repeatable levels by time:
     D:1: 1239 daAuts
     D:3: 1221 daAuts
     D:2: 577 daAuts
     D:4: 436 daAuts
